 Dungeon Crawl Stone Soup version 0.26.0-18-gc5c842f807 (webtiles) character file.

Game seed: 2025442358195121627

2664 GordonOverkill the Cleaver (level 9, 63/78 HPs)
             Began as a Deep Dwarf Fighter on Jan 22, 2021.
             Got out of the dungeon alive.
             The game lasted 00:18:30 (2670 turns).

GordonOverkill the Cleaver (Deep Dwarf Fighter)     Turns: 2670, Time: 00:18:30

Health: 63/78      AC: 14    Str: 23    XL:     9   Next: 36%
Magic:  5/5        EV:  8    Int:  9    God:
Gold:   233        SH: 12    Dex: 16    Spells: 6/8 levels left

rFire    . . .     SeeInvis .   v - +8 whip "Fanupt" {vamp, Dex+4}
rCold    . . .     Faith    .   c - +0 kite shield
rNeg     . . .     Spirit   .   k - +0 chain mail
rPois    .         Reflect  .   l - +0 helmet
rElec    .         Harm     .   i - +0 cloak
rCorr    .         Rampage  .   (no gloves)
Will     +....                  t - +1 pair of boots
Stlth    ..........             (no amulet)
HPRegen  0.00/turn              u - ring of attention (curse)
MPRegen  0.09/turn              (no ring)

@: non-regenerating
A: damage resistance, heal wounds, sense surroundings 2, no regeneration
a: Heal Wounds


You escaped.
You visited 2 branches of the dungeon, and saw 10 of its levels.

You collected 233 gold pieces.

Inventory:

Hand Weapons
 a - a +1 war axe
 p - a +2 mace of protection
 v - the +8 whip "Fanupt" (weapon) {vamp, Dex+4}
   (You found it on level 6 of the Dungeon)

   It inflicts no extra harm, but heals its wielder when it wounds a living foe.
   It affects your dexterity (+4).
Missiles
 e - 14 boomerangs (quivered)
Armour
 b - a +0 scale mail
 c - a +0 kite shield (worn)
 i - a +0 cloak (worn)
 k - a +0 chain mail (worn)
 l - a +0 helmet (worn)
 t - a +1 pair of boots (worn)
Jewellery
 u - a cursed ring of attention (left hand)
Wands
 h - a wand of random effects (18)
Scrolls
 f - 5 scrolls of remove curse
 g - a scroll of magic mapping
 o - a scroll of teleportation
Potions
 d - 3 potions of might
 j - a potion of degeneration {unknown}
 m - a potion of heal wounds
 n - a potion of curing
 r - a potion of ambrosia


   Skills:
 + Level 4.0 Fighting
 + Level 10.5 Axes
 + Level 4.9 Armour
 - Level 3.0 Dodging
 - Level 8.0 Shields


You had 6 spell levels left.
You knew the following spells:

 Your Spells              Type           Power        Failure   Level
a - Blink                 Tloc           N/A          100%        2

Your spell library contained the following spells:

 Spells                   Type           Power        Failure   Level
 Magic Dart               Conj           0%           100%        1
 Call Imp                 Summ           0%           100%        2
 Slow                     Hex            0%           100%        2
 Conjure Flame            Conj/Fire      0%           100%        3
 Mephitic Cloud           Conj/Pois/Air  0%           100%        3


Dungeon Overview and Level Annotations

Branches:
Dungeon (9/15)             Temple (1/1) D:5            Lair (0/6) D:9
    Orc (0/2) D:9

Altars:
Ashenzari
Cheibriados
Dithmenos
Elyvilon
Fedhas
Gozag
Hepliaklqana
Kikubaaqudgha
Nemelex Xobeh
Okawaru
Qazlal
Ru
Sif Muna
Trog
Uskayaw
Vehumet
Wu Jian
Xom
Yredelemnul
Zin

Shops:
D:9 }


Innate Abilities, Weirdness & Mutations

You are resistant to damage.
You can heal yourself by infusing magical energy.
You passively map the area around you.
You do not regenerate.


Message History

Found a fizzy dark potion.
There is a stone staircase leading up here.
You climb upwards.
There is a stone staircase leading down here.
Found a robe, 12 poisoned darts and a chain mail.
Found a scroll of teleportation.
There is a stone staircase leading up here.
You climb upwards.
There is a stone staircase leading down here.
There is a stone staircase leading up here.
You climb upwards.
There is a stone staircase leading down here.
There is an open door here.
You see here a stone.
There is an open door here.
There is an open door here.
There is an open door here.
There is a staircase leading out of the dungeon here.
Are you sure you want to leave the Dungeon?
This will make you lose the game!
You have escaped!

.. , , #. , ,
,*, #.##** * ,
, * * #..## * ,
* ...# * ,
#####..##### ,
, #...#..#...#
* * *,* *
#...#..#...# *
#...'..'.@.# #
,#...#..#...#.#
,#...####...#.#
* ######
###'#.#
..##..##....# ,
............# *
..##..##...##
######*##'###
#...####...#


There were no monsters in sight!

Vanquished Creatures
  Menkaure (D:5)
  Edmund (D:4)
  A sky beast (D:7)
  An orc warrior (D:8)
  An ice beast (D:9)
  4 ogres
  2 centaurs
  Blork the orc (D:4)
  2 bullfrogs
  A gnoll sergeant (D:9)
  A wyvern skeleton (D:6)
  2 scorpions
  6 killer bees (D:7)
  3 wights (D:9)
  2 hounds
  A jelly (D:4)
  5 orc priests
  2 iguanas
  5 orc wizards
  5 worker ants
  A killer bee zombie (D:6)
  2 hound skeletons (D:6)
  Robin (D:4)
  A howler monkey skeleton (D:9)
  10 adders
  7 gnolls
  A white imp (D:5)
  3 ufetubi
  An ooze (D:5)
  3 adder skeletons
  2 worms
  A dart slug (D:2)
  2 leopard geckos
  16 orcs
  3 giant cockroaches
  6 goblins
  A hobgoblin (D:3)
  7 jackals
  2 kobolds
  3 quokkas
  2 bats (D:2)
  A frilled lizard (D:5)
  A jackal skeleton (D:5)
  2 leopard gecko skeletons
  A leopard gecko zombie (D:6)
  A rat (D:2)
128 creatures vanquished.

Vanquished Creatures (others)
  An adder (D:6)
  A leopard gecko (D:6)
2 creatures vanquished.

Grand Total: 130 creatures vanquished

Notes
Turn   | Place    | Note
-------+----------+-------------------------------------------
     0 | D:1      | GordonOverkill the Deep Dwarf Fighter began the quest for
                  | the Orb.
     0 | D:1      | Reached XP level 1. HP: 20/20 MP: 1/1
    76 | D:2      | Reached skill level 3 in Axes
    76 | D:2      | Reached XP level 2. HP: 21/27 MP: 2/2
    96 | D:2      | Reached XP level 3. HP: 25/33 MP: 3/3
   179 | D:3      | Reached skill level 4 in Axes
   179 | D:3      | Reached XP level 4. HP: 30/40 MP: 3/3
   182 | D:3      | Found an ancient bone altar of Kikubaaqudgha.
   271 | D:4      | Reached skill level 5 in Axes
   271 | D:4      | Reached XP level 5. HP: 28/46 MP: 4/4
   346 | D:4      | Noticed Blork the orc
   368 | D:4      | Killed Blork the orc
   383 | D:4      | Noticed Robin
   388 | D:4      | Killed Robin
   389 | D:4      | Reached skill level 5 in Shields
   543 | D:5      | Entered Level 5 of the Dungeon
   554 | D:4      | Noticed Edmund
   574 | D:4      | Killed Edmund
   575 | D:4      | Reached skill level 6 in Axes
   575 | D:4      | Reached XP level 6. HP: 34/55 MP: 5/5
   603 | D:4      | You fall into a shaft and drop 1 floor!
   603 | D:5      | Noticed Menkaure
   618 | D:5      | Killed Menkaure
   662 | D:5      | Reached XP level 7. HP: 25/61 MP: 4/4
   664 | D:5      | Reached skill level 7 in Axes
   966 | D:5      | Learned a level 2 spell: Blink
  1014 | D:5      | Found a staircase to the Ecumenical Temple.
  1021 | Temple   | Entered the Ecumenical Temple
  1248 | D:6      | Reached skill level 8 in Axes
  1309 | D:6      | Reached XP level 8. HP: 56/68 MP: 5/5
  1327 | D:6      | Reached skill level 9 in Axes
  1371 | D:6      | Found a shimmering altar of Xom.
  1517 | D:6      | Got a steaming whip
  1518 | D:6      | Identified the +8 whip "Fanupt" {vamp, Dex+4} (You found it
                  | on level 6 of the Dungeon)
  1567 | D:7      | Found a shadowy altar of Dithmenos.
  1709 | D:6      | Noticed a rust devil
  1709 | D:6      | Noticed a rust devil
  1977 | D:7      | Reached skill level 10 in Axes
  1995 | D:7      | Reached skill level 1 in Dodging
  2068 | D:8      | Gained mutation: You passively map the area around you.
                  | [Deep Dwarf growth]
  2068 | D:8      | Reached XP level 9. HP: 64/76 MP: 5/5
  2320 | D:9      | Found Peatsoir's Gadget Emporium.
  2670 | D:$      | Got out of the dungeon alive.

Illustrated notes

Levels and vault maps discovered:
D:1:      dpeg_arrival_houses_and_road, layout_basic
D:2:      layout_loops_ring
D:3:      layout_rooms, kiku_gazebo_pond_becter, grunt_temple_overflow_open,
          serial_corexii_hall, chequers_hall_statues_corner_a,
          corexii_hall_statues_t
D:4:      layout_basic, uniq_edmund, uniq_robin, uniq_blork_the_orc
D:5:      layout_cave_pods, minmay_temple_entry_wispy, uniq_menkaure,
          uniq_prince_ribbit1, uniq_sigmund
D:6:      cheibrodos_iron_armory, layout_cave_pools, xom_confusion_cloud
D:7:      layout_cave_pools, grunt_dithmenos_smoke, minivault_26,
          kennysheep_generic_room_5
D:8:      layout_basic, serial_shops, shop, minmay_bent
D:9:      layout_basic, dpeg_lair_monsters, orc_0_dummy, serial_shops, shop
Temple:   hc_temple_tempest_star

Skill      XL: |  1  2  3  4  5  6  7  8  9 |
---------------+----------------------------+-----
Axes           | 3 4 5 6 8 10 | 10.5
Shields        | 4 5 6 8 |  8.0
Dodging        | 1 3 |  3.0
Fighting       | 3 4 |  4.0
Armour         | 4 |  4.9

Action                   |  1- 3 |  4- 6 |  7- 9 || total
-------------------------+-------+-------+-------++-------
Melee: War axe           |    58 |   108 |    92 ||   258
       Mace              |       |       |    73 ||    73
       Whip              |       |       |   217 ||   217
Throw: Boomerang         |     1 |     1 |       ||     2
 Abil: Heal Wounds       |     1 |     6 |     7 ||    14
  Use: Scroll            |       |     1 |    11 ||    12
       Potion            |       |       |     3 ||     3
Armor: Scale mail        |    34 |     8 |       ||    42
       Chain mail        |       |    31 |   184 ||   215
       Skin              |       |       |    55 ||    55
Dodge: Dodged            |    33 |    30 |   110 ||   173
Block: Kite shield       |    35 |    64 |   306 ||   405
